Match 41300751
Unlisted

Match 41300751
End
Vickers Machine Gun Team
Construct Section Command Post
Dingo Light Scout Car
Selects Canadian Shock Battlegroup
Infantry Section
Infantry Section
Grenade Package
Construct Platoon Command Post
Selects Attacking Spirit
Selects Canadian Shock Section
Canadian Shock Section
Construct Field Infirmary
Humber Armored Car
Unlock Bishop Self-propelled Artillery
Selects Incendiary Munitions
Canadian Shock Section
Selects Pyrotechnics
6-pounder Anti-tank Gun Team
Construct Company Command Post
Crusader II Medium Tank
Selects Demolition Engineering
Demolition Engineering
Crusader II Medium Tank
Selects Point Assault
Crusader II Medium Tank
Armored Vehicle Training
Unlock M3 Grant Medium Tanks
Point Assault
Crusader II Medium Tank
Demolition Engineering
Crusader II Medium Tank
badger2
[DeanOfBao]hokkskyc
Fey Mood
⚅ Knightz
ProxyFox
Personal Iroha Cushion
EisregenKubus0
∞ | Mèo Múp
0
0

Comments sign in to comment!

No comments posted yet!